 Dungeon Crawl Stone Soup version 0.28-a0-932-g843f935a50 (webtiles) character file.

Game seed: 18426779876692240453

81 AvatarAndi78 the Chopper (level 4, 0/41 HPs)
             Began as a Minotaur Berserker on Nov 27, 2021.
             Was a Believer of Trog.
             Slain by a sky beast (4 damage)
             ... on level 3 of the Dungeon.
             The game lasted 00:03:27 (1578 turns).

AvatarAndi78 the Chopper (Minotaur Berserker)       Turns: 1578, Time: 00:03:28

Health: 0/41       AC:  5    Str: 21    XL:     4   Next: 20%
Magic:  3/3        EV:  8    Int:  4    God:    Trog [**....]
Gold:   94         SH:  6    Dex: 11    Spells: 3/3 levels left

rFire   . . .      SeeInvis .   d - +2 short sword (drain)
rCold   . . .      Faith    .   j - +0 kite shield
rNeg    . . .      Spirit   .   k - +0 ring mail
rPois   .          Reflect  .   (helmet restricted)
rElec   .          Harm     .   (no cloak)
rCorr   .          Rampage  .   (no gloves)
Will    .....                   (no boots)
Stlth   +.........              (no amulet)
HPRegen 0.13/turn               (no ring)
MPRegen 0.08/turn               (no ring)

@: no status effects
A: horns 2, retaliatory headbutt
a: Renounce Religion, Berserk, Trog's Hand


You were on level 3 of the Dungeon.
You worshipped Trog.
Trog was pleased with you.
You visited 1 branch of the dungeon, and saw 3 of its levels.

You collected 124 gold pieces.
You spent 30 gold pieces at shops.

Inventory:

Hand Weapons
 d - a +2 short sword of draining (weapon)
Missiles
 a - 2 silver boomerangs (quivered)
Armour
 j - a +0 kite shield (worn)
 k - a +0 ring mail (worn)
Scrolls
 b - 2 scrolls of amnesia {unknown}
 e - a scroll of noise {unknown}
 g - a scroll of enchant armour {unknown}
 h - 3 scrolls of identify {unknown}
Potions
 c - a potion of haste {unknown}
 f - a potion of magic {unknown}
 i - a potion of flight
 l - a potion of curing {unknown}


   Skills:
 + Level 4.5 Fighting
 + Level 0.1 Short Blades
 + Level 4.9 Axes
 + Level 2.6 Armour
 + Level 2.7 Dodging
 + Level 0.2 Shields


You had 3 spell levels left.
You didn't know any spells.
Your spell library was empty.

Dungeon Overview and Level Annotations

Branches:
Dungeon (3/15)

Altars:

Shops:
D:1 !


Innate Abilities, Weirdness & Mutations

You have a pair of horns on your head.
You reflexively headbutt those who attack you in melee.


Message History

A sky beast is nearby!
The sky beast flickers out of sight!
Deactivating autopickup; reactivate with Ctrl-A.
No target in view!
No target in view!
No target in view!
A sky beast appears from thin air!
Reactivating autopickup.
A sky beast is nearby!
You block the sky beast's attack.
You barely miss the sky beast. You headbutt the sky beast.
The sky beast is lightly wounded.
The sky beast hits you. The sky beast shocks you. The sky beast hits you.
The sky beast shocks you.
You barely miss the sky beast.
The sky beast is lightly wounded.
You block the sky beast's attack.
A sky beast is nearby!
You barely miss the sky beast. Your headbutt misses the sky beast.
The sky beast is lightly wounded.
You block the sky beast's attack.
You closely miss the sky beast. Your headbutt misses the sky beast.
The sky beast is lightly wounded.
The sky beast barely misses you.
The sky beast flickers out of sight!
Deactivating autopickup; reactivate with Ctrl-A.
Something hits you. Something shocks you.
You are too injured to fight recklessly!
You hit something. You headbutt something. Something hits you.
Something shocks you.
You barely miss something. You headbutt something.
A sky beast appears from thin air!
Reactivating autopickup.
The sky beast hits you.
* * * LOW HITPOINT WARNING * * *
The sky beast shocks you.
* * * LOW HITPOINT WARNING * * *
The sky beast hits you.
* * * LOW HITPOINT WARNING * * *
The sky beast shocks you.
You die...

#...#.######.. #. #..
#....†.... #.
#...#.#######† #.
##...#.# #..... #.
#.#...#.###..... #.
#...............
#.##.#...#.........
######.Y#.#####.########
#......@...........#
#..........####.##.#
#..........# #.##.#
#..........# #.##.#
#..........# #.##.# ##
#..........####.##.####.
.....................#..
#######....####.##.#.#..
#....####.##.#.#..


You could see a sky beast (drained).

Vanquished Creatures
  3 adders (D:2)
  2 worms (D:2)
  4 endoplasms
  A giant cockroach (D:1)
  3 goblins (D:1)
  6 hobgoblins
  2 jackals (D:1)
  7 kobolds
  2 quokkas
  5 ball pythons
  2 bats (D:2)
  4 frilled lizards
  7 rats
48 creatures vanquished.

Notes
Turn   | Place    | Note
-------+----------+-------------------------------------------
     0 | D:1      | AvatarAndi78 the Minotaur Berserker began the quest for the
                  | Orb.
     0 | D:1      | Reached XP level 1. HP: 19/19 MP: 0/0
    55 | D:1      | Reached XP level 2. HP: 27/27 MP: 1/1
   343 | D:1      | Reached XP level 3. HP: 33/33 MP: 2/2
   397 | D:1      | Found Eseheshruoll's Distillery.
   406 | D:1      | Bought a potion of flight for 30 gold pieces
   414 | D:1      | Reached ** piety under Trog
   844 | D:2      | Reached XP level 4. HP: 26/41 MP: 3/3
  1115 | D:2      | Found a faded altar of an unknown god.
  1569 | D:3      | Noticed a sky beast
  1578 | D:3      | Slain by a sky beast

Illustrated notes

Levels and vault maps discovered:
D:1:      lemuel_arrival_funnel, layout_rooms, serial_shops, nicolae_square_shop
D:2:      layout_rooms, dreamdust_ecumenical_altar_hidden_monk_grotto
D:3:      layout_basic, lemuel_crystal_altar,
          wander_ebering_terrifying_dragon_lair

Skill      XL: |  1  2 |
---------------+-------+-----
Axes           | 4 |  4.9
Fighting       | 4 |  4.5
Short Blades   | |  0.1
Armour         | |  2.6
Dodging        | |  2.7
Shields        | |  0.2

Action                   |  1- 3 |  4- 6 || total
-------------------------+-------+-------++-------
Melee: Hand axe          |    13 |       ||    13
       Short sword       |    43 |    17 ||    60
       Headbutt          |     6 |     6 ||    12
Throw: Boomerang         |     9 |       ||     9
Invok: Berserk           |     1 |       ||     1
       Trog's Hand       |     1 |       ||     1
Armor: Animal skin       |     8 |       ||     8
       Ring mail         |     8 |     6 ||    14
Dodge: Dodged            |    42 |     5 ||    47
Block: Kite shield       |    13 |     5 ||    18

Table legend: (Time is in decaauts)
 A = Elapsed time spent in this place.
 B = Non-inter-level travel time spent in this place.
 C = Inter-level travel time spent in this place.
 D = Time resting spent in this place.
 E = Time spent auto-exploring this place.
 F = Levels seen in this place.
 G = Mean time per level.
                   A        B        C        D        E       F      G
               +--------+--------+--------+--------+--------+-----+--------+
         Total |   1608 |   1584 |     24 |      0 |   1314 |   3 |  536.0 |
       Dungeon |   1608 |   1584 |     24 |      0 |   1314 |   3 |  536.0 |
               +--------+--------+--------+--------+--------+-----+--------+

Top non-repeatable levels by time:
     D:2: 840 daAuts
     D:1: 584 daAuts
     D:3: 183 daAuts
